 Dungeon Crawl Stone Soup version 0.16-a0-3472-g5ce0ac0 (webtiles) character file.

1327 Grim the Grappler (level 8, 0/75 HPs)
             Began as a Minotaur Fighter on Jan 3, 2015.
             Was an Initiate of Gozag.
             Killed from afar by an electric eel (10 damage)
             ... with a bolt of electricity
             ... on level 7 of the Dungeon.
             The game lasted 00:17:03 (6664 turns).

Grim the Grappler (Minotaur Fighter)                Turns: 6664, Time: 00:17:03

Health: 0/75       AC: 10    Str: 21    XL:     8   Next: 34%
Magic:  3/3        EV:  7    Int:  5    God:    Gozag
Gold:   531        SH:  0    Dex: 12    Spells: 0 memorised, 7 levels left

rFire  . . .     SeeInvis +       - Unarmed
rCold  . . .     Clarity  .     w - +1 chain mail
rNeg   . . .     SustAb   .     (no shield)
rPois  .         Gourm    .     (helmet restricted)
rElec  .         Spirit   .     (no cloak)
rCorr  .         Warding  .     (no gloves)
rMut   .         Stasis   .     (no boots)
MR     +....                    (no amulet)
Stlth  ..........               v - ring of protection from magic
                                s - ring of see invisible

@: lethally poisoned, somewhat resistant to hostile enchantments, extremely
unstealthy
A: retaliatory headbutt, horns 2
a: Potion Petition, Call Merchant, Bribe Branch, Renounce Religion


You were on level 7 of the Dungeon.
You worshipped Gozag.
Gozag was noncommittal.
You were not hungry.

You visited 1 branch of the dungeon, and saw 7 of its levels.

You collected 638 gold pieces.
You paid 107 gold pieces to Gozag.

Inventory:

Armour
 w - a +1 chain mail (worn)
Jewellery
 q - an uncursed ring of protection from cold
 s - a ring of see invisible (left hand)
 v - a ring of protection from magic (right hand)
Magical devices
 j - a wand of magic darts (26)
 x - a wand of cold (11)
Scrolls
 b - a scroll of noise {unknown}
 c - a scroll of enchant weapon
 g - a scroll of identify
 h - a scroll of enchant armour
 p - a scroll of magic mapping
Potions
 d - a potion of brilliance {unknown}
 e - a potion of might
 f - 2 potions of flight
 i - a potion of resistance {unknown}
 l - 2 potions of curing
 m - a potion of agility {unknown}
 n - 2 potions of heal wounds
 t - a potion of degeneration {!q}
 u - a potion of berserk rage {unknown}
Comestibles
 a - 2 bread rations
 k - 2 beef jerkies
 o - a royal jelly
 r - 3 meat rations


   Skills:
 + Level 8.5 Fighting
 - Level 3.6 Armour
   Level 3.6 Shields
 - Level 9.0 Unarmed Combat


You had 7 spell levels left.
You didn't know any spells.

Dungeon Overview and Level Annotations

Branches:
Dungeon (7/15)
 Temple: D:4-7

Altars:
Ashenzari
Fedhas
Gozag
Kikubaaqudgha
Makhleb
Nemelex Xobeh
Yredelemnul
The Shining One


Innate Abilities, Weirdness & Mutations

You reflexively headbutt those who attack you in melee.
You have a pair of horns on your head.


Message History

The centaur hits you but does no damage.
You hit the centaur. You punch the centaur.
The centaur is moderately wounded.
You feel sick. The centaur barely misses you.
You punch the centaur!
The centaur is almost dead.
The centaur hits you but does no damage.
The phantom blinks!
The centaur hits you but does no damage.
You hit the centaur.
You kill the centaur!
Things that are here:
6 gold pieces; 2 poisoned arrows
Okay, then.
You now have 531 gold pieces (gained 6).
You feel sick.
The electric eel shoots out a bolt of lightning at you!
The bolt of electricity hits you!
You die...
Your body crumbles into a pile of gold.

...P≈≈≈≈≈
.?..≈≈P≈≈≈≈
.....≈≈.≈≈≈≈≈
#.....≈≈≈≈≈≈≈≈≈
#.....P≈≈.≈.≈..
#.......;§≈≈≈≈≈
#....$P..♣
#.(## ##@.#
##.## #..#
♣♣.♣♣ ♣≈≈.♣
♣♣≈♣♣ ♣.♣
♣♣♣≈♣♣ ♣♣♣
♣.P♣≈≈≈.♣♣♣P♣##


You could see an electric eel.

Vanquished Creatures
  A water moccasin (D:5)
  A phantom (D:3)
  A sky beast (D:6)
  A centaur (D:7)
  A giant frog (D:6)
  Blork the orc (D:6)
  A scorpion (D:4)
  A goliath beetle (D:6)
  A quasit (D:6)
  A crimson imp (D:5)
  A centaur zombie (D:6)
  2 hounds
  A jelly (D:6)
  5 worker ants
  A centaur skeleton (D:4)
  3 orc wizards
  An iguana (D:5)
  A killer bee zombie (D:6)
  8 adders
  3 gnolls (D:4)
  A giant mite (D:5)
  8 worms
  6 giant geckos
  17 orcs
  3 ball pythons (D:5)
  17 bats
  8 giant cockroaches
  8 hobgoblins
  9 kobolds
  3 quokkas
  A giant cockroach zombie (D:5)
  5 giant newts
  12 goblins
  3 jackals (D:1)
  11 rats
148 creatures vanquished.

Notes
Turn   | Place    | Note
--------------------------------------------------------------
     0 | D:1      | Grim, the Minotaur Fighter, began the quest for the Orb.
     0 | D:1      | Reached XP level 1. HP: 19/19 MP: 1/1
   152 | D:1      | Found a sparkling altar of Nemelex Xobeh.
   185 | D:1      | You fall through a shaft!
   245 | D:2      | Reached XP level 2. HP: 23/26 MP: 1/1
   787 | D:1      | Reached XP level 3. HP: 31/31 MP: 2/2
   942 | D:1      | Reached skill level 4 in Unarmed Combat
  1324 | D:2      | Found a shattered altar of Ashenzari.
  1453 | D:2      | Reached XP level 4. HP: 28/39 MP: 2/2
  1566 | D:2      | Found an ancient bone altar of Kikubaaqudgha.
  1568 | D:2      | Reached skill level 5 in Unarmed Combat
  1998 | D:3      | Noticed a phantom
  2033 | D:3      | Killed a phantom
  2033 | D:3      | Reached skill level 6 in Unarmed Combat
  2033 | D:3      | Reached XP level 5. HP: 33/45 MP: 2/2
  2832 | D:3      | Reached skill level 7 in Unarmed Combat
  2832 | D:3      | Reached XP level 6. HP: 45/51 MP: 3/3
  3432 | D:4      | Found an opulent altar of Gozag.
  3444 | D:4      | Became a worshipper of Gozag Ym Sagoz the Greedy
  3660 | D:4      | Reached skill level 8 in Unarmed Combat
  4133 | D:5      | Entered Level 5 of the Dungeon
  4148 | D:5      | Reached XP level 7. HP: 55/57 MP: 3/3
  4336 | D:5      | Noticed a water moccasin
  4349 | D:5      | Killed a water moccasin
  4349 | D:5      | Reached skill level 9 in Unarmed Combat
  4474 | D:5      | Found a basalt altar of Yredelemnul.
  5015 | D:6      | Noticed Blork the orc
  5025 | D:6      | Killed Blork the orc
  5025 | D:6      | Reached skill level 5 in Fighting
  5349 | D:6      | Found a burning altar of Makhleb.
  5960 | D:6      | Reached XP level 8. HP: 71/71 MP: 3/3
  6005 | D:6      | Found a glowing golden altar of the Shining One.
  6218 | D:6      | Found a blossoming altar of Fedhas.
  6664 | D:7      | Killed from afar by an electric eel

Action                   |  1- 3 |  4- 6 |  7- 9 || total
-------------------------+-------+-------+-------++-------
Melee: Unarmed           |   108 |   157 |   167 ||   432
  Use: Scroll            |       |    12 |     2 ||    14
 Stab: Distracted        |       |       |     1 ||     1
  Eat: Chunk             |     2 |     1 |       ||     3
       Bread ration      |       |     2 |       ||     2
       Meat ration       |       |       |     1 ||     1
       Pizza             |       |       |     1 ||     1
